 Dungeon Crawl Stone Soup version 0.30-a0-956-gcec3b41aec (console) character file.

Game seed: 8945989819789262334

5 petzl the Sneak (level 1, -5/18 HPs)
             Began as a Formicid Delver on Mar 29, 2023.
             Slain by a kobold brigand
             ... wielding a +3 short sword
              (8 damage)
             ... on level 7 of the Dungeon.
             The game lasted 00:03:55 (290 turns).

petzl the Sneak (Formicid Delver)                    Turns: 290, Time: 00:03:55

Health: -5/18      AC:  3    Str: 16    XL:     1   Next: 88%
Magic:  2/2        EV: 12    Int:  9    God:
Gold:   13         SH:  0    Dex: 15    Spells: 2/2 levels left

rFire   . . .      SeeInvis +    a - +0 mace
rCold   . . .      Faith    .    (no shield)
rNeg    . . .      Spirit   .    b - +0 leather armour
rPois   .          Reflect  .    (helmet unavailable)
rElec   .          Rampage  .    (no cloak)
rCorr   .                        (no gloves)
Will    .....                    (no boots)
Stlth   +++                      (no amulet)
HPRegen 0.23/turn                (no ring)
MPRegen 0.08/turn                (no ring)

@: no status effects
A: permanent stasis, dig shafts and tunnels, antennae 3, four strong arms
a: Dig, Shaft Self


You were on level 7 of the Dungeon.
You visited 1 branch of the dungeon, and saw 5 of its levels.

You collected 13 gold pieces.

Inventory:

Hand Weapons
 a - a +0 mace (weapon)
Armour
 b - a +0 leather armour (worn)
Jewellery
 j - a +6 ring of strength
Wands
 f - a wand of digging (1)
Scrolls
 c - a scroll of fog
 d - a scroll of magic mapping
 e - a scroll of fear
 i - a scroll of teleportation {unknown}
Potions
 g - a potion of flight {unknown}
 h - a potion of cancellation {unknown}


   Skills:
 - Level 3.2 Fighting
 - Level 2.0 Maces & Flails
 - Level 1.7 Dodging
 - Level 6.0 Stealth
 + Level 1.3 Spellcasting


You had 2 spell levels left.
You didn't know any spells.
Your spell library was empty.

Dungeon Overview and Level Annotations

Branches:
Dungeon (9/15)
 Temple: D:4-7         Lair: D:8-11         Orc: D:9-12

Altars:

Annotations:
D:5 exclusion: downstairs, Ijyb, Robin
D:8 exclusions: downstairs, ice beast and 2 killer bees, diodin's ghost, novice NaEn


Innate Abilities, Weirdness & Mutations

You cannot be hasted, slowed, berserked, paralysed or teleported.
You can dig through walls and to a lower floor.
You have a pair of large antennae on your head. (SInv)
Your four strong arms can wield two-handed weapons with a shield.


Message History

The kobold hits you with a +0 dagger.
You extend your mandibles.
You dig through the rock wall.
You feel drained. The kobold attacks as you move away!
The kobold closely misses you.
You dig through the rock wall.
You feel drained.
You retract your mandibles.
You hit the kobold.
You kill the kobold!
Your Spellcasting skill increases to level 1!
You closely miss the kobold. The kobold hits you but does no damage.
You sock the kobold!
You kill the kobold!
You barely miss the kobold. The kobold misses you.
The kobold hits you but does no damage.
You hit the kobold but do no damage. You punch the kobold.
The kobold is moderately wounded.
The kobold barely misses you.
You miss the kobold.
The kobold is moderately wounded.
The kobold closely misses you.
You sock the kobold!
You kill the kobold!
Your life force feels restored.
You barely miss the kobold brigand. The kobold brigand barely misses you.
You closely miss the kobold brigand.
The kobold brigand hits you with a +3 short sword.
Okay, then.
Unknown command.
Unknown command.
Unknown command.
You hit the kobold brigand.
The kobold brigand is lightly wounded.
The kobold brigand hits you with a +3 short sword.
The kobold brigand hits you with a +3 short sword!
Ouch! That really hurt!
* * * LOW HITPOINT WARNING * * *
Are you sure you want to shaft yourself?
Magic restored.
The kobold brigand barely misses you.
You begin to dig a shaft.
You continue digging a shaft.
The kobold brigand hits you with a +3 short sword!
You die...

####### #####.....#
#.........#
#.........#
#......[..#
###........)#
##@#...K..>..#
#####K##?...K....#
#....KK#.....#.###
#........{K....#
#.....88888888....#
#.....8888.888......
#..............#.###
####......8........
#......8.....###.
#...........##
##.8888}888..


You could see a kobold brigand and a kobold.

Vanquished Creatures
  An orc (D:6)
  3 kobolds (D:7)
4 creatures vanquished.

Vanquished Creatures (others)
  4 plants (D:6)
4 creatures vanquished.

Grand Total: 8 creatures vanquished

Notes
Turn   | Place    | Note
-------+----------+-------------------------------------------
     0 | D:5      | petzl the Formicid Delver began the quest for the Orb.
     0 | D:5      | Reached XP level 1. HP: 18/18 MP: 1/1
    71 | D:6      | Noticed an ogre
    96 | D:5      | Noticed Ijyb
   105 | D:5      | Noticed Robin
   118 | D:5      | Noticed an ogre
   125 | D:5      | You fall into a shaft and drop 3 floors!
   173 | D:8      | Noticed a killer bee
   173 | D:8      | Noticed a killer bee
   215 | D:8      | Noticed an ice beast
   217 | D:8      | Noticed an acid dragon
   245 | D:8      | Noticed a yak
   255 | D:8      | Noticed a steam dragon
   257 | D:8      | Noticed diodin's ghost (novice NaEn)
   259 | D:9      | Noticed an orc wizard
   259 | D:9      | Noticed an orc wizard
   259 | D:9      | Noticed an electric eel
   268 | D:7      | Noticed a kobold brigand
   280 | D:7      | Reached skill level 1 in Spellcasting
   290 | D:7      | Slain by a kobold brigand

Illustrated notes

Levels and vault maps discovered:
D:5:      layout_gridville, nicolae_goblin_pals, uniq_crazy_yiuf_cottage,
          uniq_edmund
D:6:      layout_basic, mainiacjoe_overflow_alcove_4, gammafunk_ghost_cemetery,
          minmay_alternating_orb, uniq_maggie
D:7:      layout_rooms, minmay_temple_entry_statues, hellmonk_bongcloud_opening,
          uniq_joseph
D:8:      layout_cave_pods, erik_lair_orcish_takeover, gammafunk_ghost_split,
          uniq_prince_ribbit1
D:9:      layout_basic, kennysheep_mini, mainiacjoe_overflow_24_doors,
          kennysheep_little_box, uniq_pikel, uniq_amaemon

Skill      XL: |  1 |
---------------+----+-----
Spellcasting   | 1 |  1.3
Fighting       | |  3.2
Maces & Flails | |  2.0
Dodging        | |  1.7
Stealth        | |  6.0

Action                     || total
---------------------------++-------
  Melee: Mace              ||    12
         Punch             ||     1
Ability: Shaft Self        ||     2
         Dig               ||     1
  Evoke: Wand              ||     2
 Armour: Leather armour    ||     2
  Dodge: Dodged            ||    12

Table legend: (Time is in decaauts)
 A = Elapsed time spent in this place.
 B = Non-inter-level travel time spent in this place.
 C = Inter-level travel time spent in this place.
 D = Time resting spent in this place.
 E = Time spent auto-exploring this place.
 F = Levels seen in this place.
 G = Mean time per level.
                   A        B        C        D        E       F      G
               +--------+--------+--------+--------+--------+-----+--------+
         Total |    293 |    293 |      0 |      0 |     49 |   5 |   58.6 |
       Dungeon |    293 |    293 |      0 |      0 |     49 |   5 |   58.6 |
               +--------+--------+--------+--------+--------+-----+--------+

Top non-repeatable levels by time:
     D:8: 141 daAuts
     D:5: 74 daAuts
     D:6: 52 daAuts
     D:7: 24 daAuts
     D:9: 1 daAuts
